Map: 蓝移-天梯版

Players

IIIIIIIII

  • Race: Terran Terran

电脑难度(新手) - Winner!

  • Race: Terran Terran

VOD

Have the link to the VOD?

Description

Time

  • Played on: Dec. 25, 2018, 9:21 p.m.
  • Length: 9:27
Show
View Real Time Build Order
Export as new Build Order

IIIIIIIII Terran 

Build Orders:  

Get SALT Encoding   

  12  0:01  SCV  
  13  0:13  SCV  
  14  0:19  Supply Depot  
  14  0:27  SCV  
  15  0:41  SCV  
  15  0:42  Barracks  
  16  0:46  Refinery  
  16  0:53  SCV  
  17  1:08  SCV  
  18  1:20  SCV  
  19  1:32  Barracks Tech Lab  
  19  1:34  Refinery  
  19  1:51  Concussive Shells, Supply Depot  
  19  1:52  Marauder  
  21  2:00  SCV  
  22  2:13  Marauder  
  22  2:14  SCV  
  25  2:18  Factory  
  25  2:29  SCV  
  26  2:31  Bunker  
  26  2:35  Marauder  
  28  2:41  Supply Depot  
  28  2:43  SCV  
  29  3:01  Hellion  
  31  3:14  SCV  
  32  3:21  Command Center  
  32  3:26  Starport  
  32  3:30  Cyclone  
  35  3:35  SCV  
  35  3:40  Supply Depot  
  36  3:47  SCV  
  37  3:59  SCV  
  38  4:09  Raven  
  40  4:10  Factory Tech Lab  
  40  4:11  SCV  
  41  4:21  Command Center  
  41  4:23  SCV  
  42  4:30  Siege Tank  
  45  4:35  Orbital Command  
  45  4:43  SCV  
  46  4:49  Engineering Bay  
  46  4:55  SCV  
  46  4:59  Marine  
  47  5:01  Stimpack  
  47  5:03  Orbital Command  
  48  5:07  SCV  
  48  5:11  Siege Tank  
  52  5:19  SCV  
  53  5:21  Starport Reactor  
  53  5:22  Marine  
  53  5:24  Refinery, Missile Turret  
  54  5:31  SCV x2  
  54  5:33  Orbital Command  
  56  5:43  Marine, SCV x2  
  56  5:44  Siege Tank  
  56  5:49  Supply Depot  
  62  5:53  Refinery  
  62  5:58  SCV x2  
  62  5:59  SCV  
  65  6:06  Starport Reactor  
  65  6:07  Marine  
  65  6:10  SCV x2  
  65  6:11  SCV  
  69  6:18  Orbital Command  
  69  6:19  Engineering Bay  
  69  6:20  Terran Infantry Weapons Level 1  
  69  6:22  SCV  
  69  6:23  SCV  
  71  6:28  Marine  
  71  6:29  Siege Tank  
  75  6:37  Barracks  
  75  6:39  SCV  
  76  6:44  SCV x2  
  78  6:50  Barracks  
  78  6:51  Barracks  
  78  6:52  Terran Infantry Armor Level 1  
  78  6:53  Barracks, Supply Depot  
  78  6:54  Starport Reactor, SCV  
  78  6:58  SCV x2  
  81  7:05  Marine, Siege Tank  
  81  7:06  SCV  
  85  7:09  Supply Depot  
  85  7:15  SCV x2  
  87  7:17  Combat Shield, Supply Depot  
  87  7:18  Armory  
  87  7:20  SCV  
  88  7:27  SCV  
  88  7:28  Supply Depot  
  89  7:30  Marine x3  
  89  7:32  Medivac x2  
  89  7:33  SCV  
  89  7:34  SCV  
  98  7:38  Siege Tank  
  98  7:39  Marine, Barracks Reactor  
  102  7:44  Barracks Reactor  
  102  7:45  Supply Depot  
  102  7:48  SCV x2, Supply Depot  
  102  7:49  SCV  
  105  7:56  Marine x2  
  105  7:57  Marine, Refinery  
  105  7:58  Refinery  
  108  8:00  SCV x2  
  110  8:07  Marine x2  
  110  8:08  Medivac x2  
  116  8:14  Marine  
  116  8:16  Marine x2, Supply Depot  
  119  8:22  Marine x2  
  121  8:28  Supply Depot  
  121  8:29  SCV  
  121  8:30  Marine x3  
  121  8:31  SCV  
  127  8:43  Marine x5  
  127  8:45  Command Center  
  127  8:47  Marine  
  132  8:51  Marine  
  132  8:52  Marine, Factory  
  137  8:58  Barracks Reactor  
  137  9:01  Marine x2  
  137  9:02  Marine  
  144  9:07  Supply Depot  
  144  9:09  Supply Depot x2  
  146  9:21  Supply Depot  
  146  9:22  Supply Depot  
Show
View Real Time Build Order
Export as new Build Order

电脑难度(新手) Terran - Winner!

Build Orders: Reaper Expand 

Get SALT Encoding   

  12  0:00  SCV  
  13  0:13  SCV  
  14  0:18  Supply Depot  
  14  0:40  Barracks  
  14  1:02  Command Center  
  14  1:27  Marine  
  14  1:29  Supply Depot  
  14  1:30  Orbital Command  
  15  1:35  Refinery  
  15  1:48  Refinery  
  15  1:55  SCV  
  16  2:08  SCV  
  17  2:15  Reaper, SCV  
  19  2:22  SCV  
  20  2:29  SCV  
  21  2:36  SCV  
  22  2:37  Refinery  
  22  2:43  SCV  
  23  2:51  SCV  
  24  2:58  SCV  
  25  2:59  Marine  
  25  3:05  SCV  
  27  3:12  SCV  
  28  3:14  Factory  
  28  3:38  Refinery  
  28  3:39  SCV  
  29  3:44  Marine  
  29  3:47  SCV  
  31  3:54  SCV  
  32  3:57  Supply Depot  
  32  3:59  Starport  
  32  4:01  SCV  
  32  4:08  SCV  
  33  4:16  SCV  
  34  4:23  SCV  
  35  4:28  Reaper  
  35  4:30  SCV  
  37  4:36  Starport Tech Lab  
  37  4:37  SCV  
  38  4:44  SCV  
  39  4:47  Supply Depot  
  39  4:51  SCV  
  40  4:55  Raven  
  40  4:58  SCV  
  43  5:06  SCV  
  44  5:12  Marine  
  44  5:13  SCV  
  46  5:20  SCV  
  47  5:27  SCV  
  48  5:38  Raven  
  50  5:57  Marine  
  51  6:41  Barracks Tech Lab  
  51  7:03  Marauder  
  53  7:34  SCV  
Tags
 
Add a new tag
Caveats
  • Supply blocks, unpowered buildings, or Contaminate may cause inaccurate times.
  • Supply counts are checked every 10 seconds.